 Dungeon Crawl Stone Soup version 0.23-a0-484-g29ba69c (webtiles) character file.

36 Lavandula the Sneak (level 3, 0/31 HPs)
             Began as a Halfling Enchanter on Nov 30, 2018.
             Succumbed to an adder's poison
             ... on level 2 of the Dungeon.
             The game lasted 00:04:25 (600 turns).

Lavandula the Sneak (Halfling Enchanter)             Turns: 600, Time: 00:04:26

Health: 0/31       AC: 21    Str: 14    XL:     3   Next: 57%
Magic:  5/5        EV:  3    Int: 13    God:
Gold:   42         SH:  0    Dex: 15    Spells: 4/5 levels left

rFire    + . .     SeeInvis .   n - +0 hunting sling
rCold    + . .     Gourm    .   (shield restricted)
rNeg     + + +     Faith    .   (armour currently unavailable)
rPois    +         Spirit   .   (helmet currently unavailable)
rElec    +         Reflect  .   (cloak currently unavailable)
rCorr    +         Harm     .   (gloves currently unavailable)
MR       .....     NoTele   +   (boots currently unavailable)
Stlth    ++........             (no amulet)
HPRegen  0.10/turn              (no ring)
MPRegen  0.09/turn              (no ring)

@: mighty, lethally poisoned (0 -> -3), tree-form, resistant
A: small, mutation resistance 1
a: no special abilities


You were on level 2 of the Dungeon.
You were not hungry.
You were a tree.
You visited 1 branch of the dungeon, and saw 3 of its levels.

You collected 42 gold pieces.

Inventory:

Hand Weapons
 a - a +1 dagger
 n - a +0 hunting sling (weapon)
Missiles
 l - 38 stones (quivered)
 m - 23 poisoned needles
Armour
 b - a +0 robe (melded)
Scrolls
 h - 2 scrolls of enchant weapon {unknown}
 i - 2 scrolls of teleportation {unknown}
 j - a scroll of identify {unknown}
 k - a scroll of enchant armour {unknown}
Comestibles
 d - a ration


   Skills:
 - Level 0.1 Fighting
 - Level 1.3 Short Blades
 + Level 3.1 Slings
 - Level 2.5 Dodging
 - Level 3.4 Stealth
 - Level 1.6 Spellcasting
 - Level 2.5 Hexes


You had 4 spell levels left.
You knew the following spells:

 Your Spells              Type           Power        Failure   Level  Hunger
a - Corona                Hex            #......      10%         1    ##.....

Your spell library contained the following spells:

 Spells                   Type           Power        Failure   Level  Hunger
 Ensorcelled Hibernation  Hex/Ice        #.....       24%         2    ###....
 Confuse                  Hex            #.......     28%         3    ####...
 Tukima's Dance           Hex            #.......     28%         3    ####...
 Dazzling Spray           Conj/Hex       #.....       43%         3    ####...


Dungeon Overview and Level Annotations

Branches:
Dungeon (3/15)

Altars:


Innate Abilities, Weirdness & Mutations

You are small and have problems with some larger weapons.
You are somewhat resistant to further mutation.


Message History

* * * LOW HITPOINT WARNING * * *
You feel sick.
Memorise Ensorcelled Hibernation, consuming 2 spell levels and leaving 2?
You start memorising the spell.
You continue memorising.
Your memorisation is interrupted.
* * * LOW HITPOINT WARNING * * *
You feel sick.
There is a lethal amount of poison in your body!
There is a lethal amount of poison in your body!
There is a lethal amount of poison in your body!
There is a lethal amount of poison in your body!
You aren't carrying any potions.
Unknown command.
Okay, then.
There is a lethal amount of poison in your body!
* * * LOW HITPOINT WARNING * * *
You feel sick.
* * * LOW HITPOINT WARNING * * *
You feel sick.
You die...

##.# #...%.#### ##.#
#..(.....#
##.###############..SS.8..#
##...........†)....(..8_8.#
##..##############.....8..#
....# #(#......# ....#
#(#.....## #####
#########(#######
.......♣((# . .########## #


There were no monsters in sight!

Vanquished Creatures
  An adder (D:2)
  A worm (D:2)
  2 orcs (D:3)
  A ball python (D:2)
  A bat (D:1)
  A giant cockroach (D:1)
  4 goblins
  2 hobgoblins
  4 jackals (D:2)
  A frilled lizard (D:1)
  2 rats (D:2)
20 creatures vanquished.

Notes
Turn   | Place    | Note
-------+----------+-------------------------------------------
     0 | D:1      | Lavandula the Halfling Enchanter began the quest for the
                  | Orb.
     0 | D:1      | Reached XP level 1. HP: 11/11 MP: 3/3
   199 | D:2      | Reached XP level 2. HP: 9/17 MP: 2/4
   398 | D:3      | Reached skill level 1 in Slings
   487 | D:2      | Found a faded altar of an unknown god.
   506 | D:2      | Reached XP level 3. HP: 7/21 MP: 5/5
   596 | D:2      | HP: 1/31 [poisoned by an adder]
   600 | D:2      | Succumbed to an adder's poison

Vault maps used:
D:1:      saegor_arrival_miasma, minmay_misc_feat_encased,
          chequers_serial_rivers_micro_e, st_stairs_1
D:2:      chequers_ecumenical_altar_simple, grunt_ministairs_11
D:3:      kennysheep_generic_room_9

Skill      XL: |  1  2  3 |
---------------+----------+-----
Slings         | 2 3 |  3.1
Fighting       | |  0.1
Short Blades   | |  1.3
Dodging        | |  2.5
Stealth        | |  3.4
Spellcasting   | |  1.6
Hexes          | |  2.5

Action                   || total
-------------------------++-------
Melee: Dagger            ||    25
 Fire: Hunting sling     ||    55
 Cast: Corona            ||     5
  Use: Potion            ||     3
 Stab: Sleeping          ||     2
Armor: Robe              ||     9
       Skin              ||     5
Dodge: Dodged            ||    49

Table legend:
 A = Non-vault XP
 B = Vault XP
 C = Vault XP percentage of total XP
 D = Non-vault monster count
 E = Vault monster count
 F = Vault count percentage of total count
                 A         B        C        D         E       F
            +---------+---------+-------+---------+---------+-------
      Total |      48 |       4 |   7.7 |      18 |       2 |  10.0
            +---------+---------+-------+---------+---------+-------
        D:1 |       6 |       4 |  40.0 |       4 |       2 |  33.3
        D:2 |      34 |       0 |   0.0 |      11 |       0 |   0.0
        D:3 |       8 |       0 |   0.0 |       3 |       0 |   0.0
            +---------+---------+-------+---------+---------+-------
